 Seeded DCSS version 0.29-a0-870-g2c972031a6 (webtiles) character file.

Game seed: 8897551386731462229 (custom seed)

92117 wilfster70 the Severer (level 16, -40/141 HPs)
             Began as a Djinni Ice Elementalist on July 17, 2022.
             Was the Champion of Makhleb.
             Killed by Lee's Rapid Deconstruction
             ... invoked by Jorgrun
              (47 damage)
             ... on level 1 of the Orcish Mines.
             The game lasted 01:13:05 (24911 turns).

wilfster70 the Severer (Djinni Ice Elementalist)   Turns: 24911, Time: 01:13:06

Health: -40/141    AC: 36    Str: 10    XL:     16   Next: 52%
Gold:   3634       EV: 17    Int: 34    God:    Makhleb [******] SH: 11 Dex: 20

rFire   + + +      SeeInvis .   a - +6 broad axe (elec)
rCold   x . .      Faith    .   w - +0 buckler
rNeg    + . .      Spirit   .   (body armour currently unavailable)
rPois   ∞          Reflect  +   Q - +2 hat {Int+3}
rElec   +          Harm     .   v - +1 cloak
rCorr   .          Rampage  .   (gloves currently unavailable)
Will    ++...                   (boots unavailable)
Stlth   ++........              R - amulet of Hegigiv {Reflect Str+3 SH+5}
HPRegen 0.33/turn               l - ring "Meycy" {rPois AC+4}
MPRegen 0.00/turn               m - ring of Conflict {*Slow rF+ Will+ Int+6 Dex+6}

@: statue-form, flying, very slow
A: slow and powerful, torment resistance 1, flying, boosted hp, sickness
immunity, fire resistance 2, cold vulnerability 1, float, innate caster, HP
casting, extra vitality 1
a: End Transformation, Renounce Religion, Minor Destruction, Lesser Servant of
Makhleb, Major Destruction, Greater Servant of Makhleb


You were on level 1 of the Orcish Mines.
You worshipped Makhleb.
Makhleb was exalted by your worship.
You were a living statue of rough stone.
You visited 3 branches of the dungeon, and saw 23 of its levels.
You also visited: Ossuary and Bailey.

You collected 3634 gold pieces.

Inventory:

Hand Weapons
 a - a +6 broad axe of electrocution (weapon)
 b - the +8 sling of Risukash {freeze, Dex+2}
   (You found it in a bailey)

   Any ammunition fired from it freezes those it strikes, dealing additional
   cold damage.
   It can also slow down cold-blooded creatures.
   Dex:       It affects your dexterity (+2).
Missiles
 d - 4 javelins
 h - 3 atropa-tipped darts
 t - 53 poisoned darts
 S - 3 throwing nets
Armour
 p - +0 steam dragon scales (melded)
 s - the +1 pair of gloves "Patiug" (melded) {Regen+}
   (You acquired it on level 14 of the Dungeon)

   Regen:     It increases your rate of health regeneration.
 v - a +1 cloak (worn)
 w - a +0 buckler (worn)
 Q - a +2 hat of intelligence (worn)
 U - a +0 troll leather armour
Jewellery
 k - a +4 ring of evasion
 l - the ring "Meycy" (left fist) {rPois AC+4}
   (You acquired it on level 2 of the Dungeon)

   [ring of protection]

   AC:        It affects your AC (+4).
   rPois:     It protects you from poison.
 m - the ring of Conflict (right fist) {*Slow rF+ Will+ Int+6 Dex+6}
   (You acquired it on level 5 of the Lair of Beasts)

   [ring of intelligence]

   Int:       It affects your intelligence (+6).
   Dex:       It affects your dexterity (+6).
   rF:        It protects you from fire.
   *Slow:     It may slow you when you take damage.
   Will:      It increases your willpower.
 R - the amulet of Hegigiv (around neck) {Reflect Str+3 SH+5}
   (You acquired it in a bailey)

   [amulet of reflection]

   It reflects blocked missile attacks.
   Str:       It affects your strength (+3).
   SH:        It affects your SH (+5).
Wands
 f - a wand of polymorph (3)
 A - a wand of charming (21)
 B - a wand of roots (10)
 C - a wand of flame (31)
 G - a wand of light (13)
 H - a wand of digging (11)
 I - a wand of mindburst (24)
Scrolls
 i - 3 scrolls of poison
 q - 11 scrolls of teleportation
 r - a scroll of identify
 y - a scroll of silence
 L - 3 scrolls of fear
 M - 4 scrolls of magic mapping
Potions
 c - 2 potions of ambrosia
 e - 18 potions of curing
 g - 7 potions of lignification
 j - a potion of berserk rage
 n - 4 potions of mutation
 u - 2 potions of cancellation
 D - 2 potions of invisibility
 E - a potion of brilliance
 K - 4 potions of haste
 P - 5 potions of resistance
 T - 4 potions of might
Miscellaneous
 x - a tin of tremorstones (2/2)


   Skills:
 - Level 8.0 Fighting
 - Level 15.6 Axes
 - Level 4.0 Ranged Weapons
 - Level 8.0 Dodging
 - Level 1.5 Stealth
 + Level 4.3 Shields
 - Level 10.1 Spellcasting
 - Level 10.0 Invocations
 + Level 8.3 Evocations


You couldn't memorise any spells.
You knew the following spells:

 Your Spells              Type           Power      Damage    Failure   Level
a - Statue Form           Tmut/Erth      48%        N/A       9%          6
b - Frozen Ramparts       Ice            100%       1d12      1%          3
c - Ozocubu's Armour      Ice            72%        N/A       1%          3
d - Hailstorm             Conj/Ice       72%        3d15      1%          4
e - Magic Dart            Conj           100%       1d8       1%          1
f - Scorch                Fire           100%       2d10      1%          2
g - Call Canine Familiar  Summ           72%        N/A       1%          3
h - Dispel Undead         Necr           72%        3d24      1%          4
i - Manifold Assault      Tloc           72%        N/A       1%          5
j - Fireball              Conj/Fire      36%        3d15      1%          5
k - Freeze                Ice            100%       1d11      1%          1
Your spell library was empty.

Dungeon Overview and Level Annotations

Branches:
Dungeon (15/15)            Temple (0/1) D:7            Lair (6/6) D:10
 Shoals (0/4) Lair:4       Spider (0/4) Lair:3        Slime (0/5) Lair:5
    Orc (2/2) D:12         Vaults (0/5) D:13         Depths (0/4) D:15
Ossuary (visited)          Bailey (visited)
    Elf: Orc:2

Altars:
Cheibriados
Fedhas
Gozag
Hepliaklqana
Makhleb
Ru
Trog
Xom
Yredelemnul
The Shining One
Jiyva

Shops:
D:10 =

Annotations:
D:4 2 transporters, yokelz's ghost, amateur MfIE
D:7 3 runed translucent doors, Peppero's ghost, novice GnEE
D:10 Fannar
D:12 2 runed translucent doors
D:14 1 exclusion
Orc:1 Jorgrun; Rupert


Innate Abilities, Weirdness & Mutations

You are a living statue of rough stone.
Your actions are slow, but your melee attacks are powerful.
You are resistant to unholy torment.
You are flying.
Your maximum health is greatly increased.
Your equipment is partially melded.
You are immune to sickness and miasma.
You are immune to poison.
Your flesh is very heat resistant. (rF++)
You are vulnerable to cold. (rC-)
You float through the air rather than walking.
You learn spells naturally, not from books.
Your magical power is your life essence.
You have superior vitality. (+4 MHP)


Message History

The ogre easily resists.
Jorgrun hits you but does no damage. The grasping roots constrict you.
The grasping roots release their grip on you.
You feel much better. The ogre hits you with a +0 giant club.
* * * LOW HITPOINT WARNING * * *
Jorgrun gestures at you while chanting. You resist with almost no effort.
Jorgrun gestures at you while chanting.
Roots burst forth from the earth!
The grasping roots grab you! The grasping roots constrict you.
A demon appears!
It doesn't seem very happy.
The ogre hits you with a +0 giant club!
* * * LOW HITPOINT WARNING * * *
Jorgrun hits you with a +0 vorpal quarterstaff.
* * * LOW HITPOINT WARNING * * *
x2 The grasping roots constrict you.
Blink to where?
Press: ? - help, Dir - move target You escape the roots grasp.
As you read the scroll of blinking, it crumbles to dust.
As you read the scroll of teleportation, it crumbles to dust.
You feel strangely unstable.
Some rock shatters into small pieces.
Jorgrun casts a spell next to the balrug.
Some rock shatters into small pieces.
The ogre attacks as you move away! The ogre barely misses you.
The balrug gestures at you.
The fireball explodes!
The fireball engulfs you! You resist.
* * * LOW HITPOINT WARNING * * *
Jorgrun says, "I've ne'er se'n tha particular type o' rock formation 'fore."
You hear a shout! x3; You hear a howl!
The ogre attacks as you move away! You block the ogre's attack.
An orc warrior and an orc come into view.
Your surroundings seem slightly different.
The balrug gestures at you. The bolt of fire misses you.
Jorgrun casts a spell at you.
You shatter!!!
You die...

......$..####
####.......$...#
##..... #......#
#.....###
#).†..##
#...§..###..$...#
#...............#
##.....2g......##
##....O......##
##......8####
##......#
#.#..#### #.#####
#.# ##


You could see Jorgrun, a balrug (summoned) and an ogre.

Vanquished Creatures
  An orc warlord (Orc:1)
  A stone giant (D:15)
  Snorg (D:10)
  4 hydras
  An ogre mage (Orc:1)
  Harold (D:10)
  2 boulder beetles
  A death knight (D:14)
  5 centaur warriors
  2 dancing weapons (D:13)
  6 tengu warriors
  6 two-headed ogres
  An orc high priest (Bailey)
  13 death yaks
  Amaemon (D:8)
  2 deep trolls (Orc:1)
  A wizard (D:15)
  Pikel (D:5)
  4 deep elf pyromancers
  9 ugly things
  3 cyclopes
  A manticore (D:11)
  22 elephants
  7 black mambas
  2 unseen horrors
  2 gargoyles
  21 cane toads
  An orange demon (D:8)
  2 freezing wraiths (D:14)
  2 rime drakes
  A yaktaur (D:15)
  12 komodo dragons
  4 kobold demonologists
  A tengu conjurer (D:15)
  An entropy weaver simulacrum (D:14)
  8 trolls
  4 polar bears
  3 tyrant leeches (Lair:6)
  3 hornets
  A wolf spider simulacrum (D:15)
  5 slime creatures (D:12)
  18 blink frogs
  5 wraiths
  3 culicivoras (Lair:3)
  A vampire (D:9)
  56 yaks
  7 water elementals (D:15)
  5 wyverns
  A golden eye (shapeshifter) (D:15)
  9 basilisks
  3 steam dragons
  3 wargs (Orc:1)
  Menkaure (D:7)
  4 vampire mosquitoes (Lair:6)
  An acid dragon (D:10)
  15 water moccasins
  20 orc warriors
  A sky beast (D:7)
  3 ice beasts (D:6)
  4 black bears
  An alligator simulacrum (D:14)
  7 ogres
  5 boggarts (D:14)
  18 wolves (Lair:6)
  A phantom (D:6)
  9 centaurs
  3 lemures (D:5)
  An elf zombie (Ossuary)
  Blork the orc (D:5)
  5 kobold brigands
  22 bullfrogs
  A gnoll sergeant (D:9)
  2 scorpions
  A necrophage (D:7)
  5 wights
  8 killer bees
  5 electric eels
  2 howler monkeys (D:10)
  3 centaur zombies (Ossuary)
  5 orc priests
  3 hounds (D:5)
  Crazy Yiuf (D:6)
  A gnoll bouda (D:9)
  2 human zombies (Ossuary)
  2 iguanas
  9 orc wizards
  6 hell rats (Lair:3)
  2 killer bee zombies (D:7)
  2 mummies (Ossuary)
  12 adders
  19 gnolls
  A shadow imp (D:7)
  2 white imps (D:5)
  An adder zombie (Ossuary)
  3 worms
  2 dart slugs
  66 orcs
  4 bats
  10 endoplasms
  4 giant cockroaches
  7 goblins
  11 hobgoblins
  4 jackals (D:1)
  29 kobolds
  8 ball pythons
  7 frilled lizards
  3 goblin zombies (Ossuary)
  7 hobgoblin zombies (Ossuary)
  8 kobold zombies (Ossuary)
  10 orc zombies (Ossuary)
  A rat (D:3)
  A rat zombie (Ossuary)
  A bush (Lair:5)
683 creatures vanquished.

Vanquished Creatures (others)
  A slime creature (D:12)
  55 fungi
  126 plants
182 creatures vanquished.

Grand Total: 865 creatures vanquished

Notes
Turn   | Place    | Note
-------+----------+-------------------------------------------
     0 | D:1      | wilfster70 the Djinni Ice Elementalist began the quest for
                  | the Orb.
     0 | D:1      | wilfster70 set off with the following spells memorised:
                  | Freeze, Frozen Ramparts, Ozocubu's Armour, Hailstorm.
     0 | D:1      | Reached XP level 1. HP: 15/15 MP: 0/0
   304 | D:1      | Reached XP level 2. HP: 19/21 MP: 0/0
   607 | D:1      | Identified a scroll of acquirement
   607 | D:1      | Acquired a +0 sling of flaming
   739 | D:1      | Reached XP level 3. HP: 25/25 MP: 0/0
   739 | D:1      | Learned a level 1 spell: Magic Dart
  1058 | D:2      | Acquired the ring "Meycy" {rPois AC+4}
  1232 | D:2      | Found a faded altar of an unknown god.
  1313 | D:2      | Reached XP level 4. HP: 31/31 MP: 0/0
  1982 | D:3      | Reached XP level 5. HP: 27/35 MP: 0/0
  1982 | D:3      | Learned a level 2 spell: Scorch
  2064 | D:3      | Found a bloodstained altar of Trog.
  2081 | D:3      | Reached skill level 5 in Spellcasting
  2243 | D:3      | Reached XP level 6. HP: 33/40 MP: 0/0
  2848 | D:3      | Found a shimmering altar of Xom.
  3338 | D:4      | Found a burning altar of Makhleb.
  3342 | D:4      | Became a worshipper of Makhleb the Destroyer
  3450 | D:4      | Found a hazy altar of Hepliaklqana.
  3796 | D:4      | Found a transporter.
  3796 | D:4      | Noticed yokelz's ghost (amateur MfIE)
  3799 | D:4      | Found a transporter.
  3875 | D:4      | Reached skill level 1 in Fighting
  3875 | D:4      | Reached XP level 7. HP: 47/47 MP: 0/0
  3875 | D:4      | Learned a level 3 spell: Call Canine Familiar
  3880 | D:4      | Found an opulent altar of Gozag.
  3996 | D:4      | Found a blossoming altar of Fedhas.
  3996 | D:4      | Found a snail-covered altar of Cheibriados.
  4113 | D:5      | Entered Level 5 of the Dungeon
  4258 | D:5      | Noticed Blork the orc
  4267 | D:5      | Killed Blork the orc
  4514 | D:5      | Noticed Pikel
  4535 | D:5      | Killed Pikel
  4536 | D:5      | Reached XP level 8. HP: 40/62 MP: 0/0
  4770 | D:5      | Reached * piety under Makhleb
  5114 | D:6      | Found a glowing golden altar of the Shining One.
  5115 | D:6      | Found a sacrificial altar of Ru.
  5137 | D:6      | Reached XP level 9. HP: 44/70 MP: 0/0
  5137 | D:6      | Learned a level 4 spell: Dispel Undead
  5186 | D:6      | Reached skill level 1 in Axes
  5303 | D:6      | Reached skill level 2 in Axes
  5477 | D:6      | Reached skill level 3 in Axes
  5629 | D:6      | Reached skill level 4 in Axes
  5838 | D:6      | Found a runed translucent door.
  5839 | D:6      | Noticed Crazy Yiuf
  5845 | D:6      | Killed Crazy Yiuf
  6575 | D:7      | Reached skill level 5 in Axes
  6638 | D:7      | Reached ** piety under Makhleb
  6656 | D:7      | Found a staircase to the Ecumenical Temple.
  6687 | D:7      | Reached skill level 6 in Axes
  6703 | D:7      | Found a sand-covered staircase.
  6706 | D:7      | Noticed Menkaure
  6716 | Ossuary  | Entered an ossuary
  6831 | Ossuary  | Reached skill level 1 in Ranged Weapons
  6835 | Ossuary  | Reached *** piety under Makhleb
  6847 | Ossuary  | Reached XP level 10. HP: 75/76 MP: 0/0
  6962 | D:7      | Killed Menkaure
  7342 | D:7      | Found a runed translucent gate.
  7342 | D:7      | Found a runed translucent gate.
  7342 | D:7      | Found a runed translucent gate.
  7342 | D:7      | Noticed Peppero's ghost (novice GnEE)
  7344 | D:7      | Found a basalt altar of Yredelemnul.
  7901 | D:8      | Found a flagged portal.
  7902 | D:8      | Noticed Amaemon
  7911 | D:8      | Noticed an orange demon
  7923 | D:8      | Killed Amaemon
  7924 | D:8      | Reached skill level 7 in Axes
  7924 | D:8      | Killed an orange demon
  8036 | D:9      | Reached skill level 8 in Axes
  8036 | D:9      | Reached **** piety under Makhleb
  8120 | Bailey   | Entered a bailey
  8184 | Bailey   | Noticed an orc high priest
  8186 | Bailey   | Noticed a smoke demon
  8197 | Bailey   | Noticed a smoke demon
  8197 | Bailey   | Noticed a smoke demon
  8201 | Bailey   | HP: 3/76 [orc high priest/divine providence (16)]
  8204 | Bailey   | Noticed a smoke demon
  8204 | Bailey   | Killed an orc high priest
  8205 | Bailey   | Reached skill level 9 in Axes
  8205 | Bailey   | Reached XP level 11. HP: 24/81 MP: 0/0
  8205 | Bailey   | Learned a level 5 spell: Manifold Assault
  8504 | Bailey   | Acquired 860 gold pieces
  8507 | Bailey   | Acquired a +1 hat of intelligence
  8561 | Bailey   | Found an iron altar of Okawaru.
  8610 | Bailey   | Identified the +8 sling of Risukash {freeze, Dex+2}
  8641 | Bailey   | Acquired the amulet of Hegigiv {Reflect Str+3 SH+5}
  8962 | Bailey   | Reached skill level 10 in Axes
  9235 | D:8      | Noticed a two-headed ogre
  9253 | D:8      | Killed a two-headed ogre
  9904 | D:9      | Reached ***** piety under Makhleb
 10423 | D:9      | Noticed a two-headed ogre
 10440 | D:9      | Killed a two-headed ogre
 10668 | D:9      | Reached skill level 1 in Invocations
 10670 | D:9      | Noticed a skeletal warrior
 10919 | D:10     | Entered Level 10 of the Dungeon
 10945 | D:10     | Identified the +1 leather armour of Parlour Games {rN+
                  | Int-5 Dex+3 Slay-5}
 11059 | D:10     | Noticed Harold
 11069 | D:10     | Killed Harold
 11070 | D:10     | Reached XP level 12. HP: 86/86 MP: 0/0
 11166 | D:10     | Found a staircase to the Lair.
 11186 | D:10     | Reached skill level 5 in Invocations
 11329 | D:10     | Noticed Fannar
 11750 | D:10     | Noticed Snorg
 11757 | D:10     | Killed Snorg
 11950 | D:10     | Found Dolleos's Jewellery Shoppe.
 12311 | D:11     | Noticed a two-headed ogre
 12316 | D:11     | Killed a two-headed ogre
 12646 | D:11     | Noticed a sun demon
 12648 | D:11     | Noticed a sixfirhy
 12749 | D:11     | Noticed a two-headed ogre
 12759 | D:11     | Killed a two-headed ogre
 12760 | D:11     | Reached skill level 5 in Dodging
 13077 | Lair:1   | Entered Level 1 of the Lair of Beasts
 13311 | Lair:1   | Reached XP level 13. HP: 92/92 MP: 0/0
 13311 | Lair:1   | Learned a level 5 spell: Fireball
 14064 | Lair:2   | Reached skill level 11 in Axes
 14990 | Lair:3   | Reached skill level 12 in Axes
 15481 | Lair:3   | Found a hole to the Spider Nest.
 15734 | Lair:4   | Reached ****** piety under Makhleb
 15777 | Lair:4   | Reached skill level 13 in Axes
 15796 | Lair:4   | Reached XP level 14. HP: 64/98 MP: 0/0
 16318 | Lair:4   | Found a staircase to the Shoals.
 17108 | Lair:5   | Reached skill level 14 in Axes
 17220 | Lair:5   | Found a viscous altar of Jiyva.
 17220 | Lair:5   | Found a staircase to the Slime Pits.
 17366 | Lair:5   | Acquired 503 gold pieces
 17501 | Lair:5   | Reached skill level 15 in Axes
 17897 | Lair:6   | Entered Level 6 of the Lair of Beasts
 18302 | Lair:6   | Reached XP level 15. HP: 103/103 MP: 0/0
 18302 | Lair:6   | Learned a level 6 spell: Statue Form
 19473 | Lair:6   | Reached skill level 10 in Spellcasting
 19642 | Lair:5   | Acquired the ring of Conflict {*Slow rF+ Will+ Int+6 Dex+6}
 20529 | D:12     | Found a staircase to the Orcish Mines.
 20948 | D:12     | Found a runed translucent door.
 20954 | D:12     | Found a runed translucent door.
 21092 | D:13     | Found a gate to the Vaults.
 21185 | D:13     | Reached skill level 10 in Invocations
 21213 | D:13     | Reached skill level 1 in Evocations
 22046 | D:14     | Acquired the +1 pair of gloves "Patiug" {Regen+}
 22440 | D:14     | Reached XP level 16. HP: 78/109 MP: 0/0
 22447 | D:14     | Reached skill level 5 in Evocations
 23015 | D:15     | Entered Level 15 of the Dungeon
 23068 | D:14     | Upgraded the game from 0.29-a0-857-g9b1aa3ac5b to
                  | 0.29-a0-870-g2c972031a6
 23531 | D:15     | Found a staircase to the Depths.
 23543 | D:15     | Reached skill level 1 in Shields
 23665 | D:15     | Found a shimmering altar of Xom.
 23673 | D:15     | Found a shimmering altar of Xom.
 23674 | D:15     | Found a shimmering altar of Xom.
 23675 | D:15     | Found a shimmering altar of Xom.
 23701 | D:15     | Found a shimmering altar of Xom.
 23701 | D:15     | Found a shimmering altar of Xom.
 24211 | Orc:1    | Entered Level 1 of the Orcish Mines
 24337 | Orc:2    | Entered Level 2 of the Orcish Mines
 24397 | Orc:2    | HP: 2/109 [orc priest/divine providence[an orc warlord]
                  | (12)]
 24731 | Orc:2    | Noticed Rupert
 24740 | Orc:1    | HP: 5/141 [deep troll (14)]
 24884 | Orc:1    | Noticed Jorgrun
 24910 | Orc:1    | HP: 7/141 [balrug/fireball[the player character] (9)]
 24911 | Orc:1    | Killed from afar by Jorgrun

Illustrated notes

Levels and vault maps discovered:
D:1:      lemuel_arrival_behind_the_door_large, layout_basic, minivault_24,
          dreamdust_wishing_well, moated_statue, minmay_hedge_maze
D:2:      layout_basic, dreamdust_ecumenical_altar_grove, eino_tiny_chamber,
          minmay_joined_circles
D:3:      layout_loops_ring, bloody_trog, mainiacjoe_overflow_tiny_flanked,
          minmay_fractal_squares_gapless_5
D:4:      layout_basic, bloody_makhleb, lemuel_crystal_altar,
          gammafunk_temple_overflow_pools, grunt_temple_overflow_open,
          gammafunk_ghost_mausoleum
D:5:      layout_cave_pools, minmay_misc_feat_x, uniq_blork_the_orc, uniq_pikel
D:6:      layout_basic, mainiacjoe_overflow_catch_the_wave,
          minmay_misc_feat_pillars, minivault_24, uniq_crazy_yiuf_cottage
D:7:      layout_rooms, nicolae_yredelemnul_ghost_church,
          minmay_temple_entry_ruins, chequers_ossuary_entry_cave,
          corexii_corridor_pit, uniq_menkaure
D:8:      layout_loops_cross, enter_bailey_5, uniq_amaemon
D:9:      layout_cave_pools, minmay_guarded_unrand_finisher
D:10:     layout_loops_ring, vehumet_crystals, erik_lair_dragon, serial_shops,
          shop, uniq_harold, uniq_snorg, uniq_fannar
D:11:     layout_loops_ring
D:12:     minmay_expanding_circles, layout_rooms, orc_0_dummy, chequers_garden
D:13:     layout_irregular_city, erik_vaults_1
D:14:     layout_roguey, portal_ice_cave_entry_ice_simulacra,
          kennysheep_pointless_box, solitary_fountain, drop_trap
D:15:     grunt_enter_depths_snipers, layout_basic, serial_bayou,
          serial_bayou_lagoon_a, serial_bayou_lagoon_b, serial_bayou_shore_a,
          serial_bayou_pond_b, nicolae_eternal_life, abandoned_shop,
          xom_shifter_show
Lair:1:   layout_small_grid
Lair:2:   layout_gridlike
Lair:3:   layout_loops_ring, hellmonk_spider_entry_life_and_decay
Lair:4:   beast_lair_carwin_large_1, layout_layer_cave, elwin_shoals_entry_rooms
Lair:5:   layout_loops_ring, dpeg_slime_entry_enclosed,
          chequers_serial_rivers_micro_e, grunt_megastairs_4,
          infiniplex_staircase_pool
Lair:6:   minmay_lair_end_frog_pond, layout_layer_cave,
          grunt_forest_stairs_basic, chequers_serial_rivers_micro_d,
          grunt_forest_large_clearings, serial_bayou_shore_b, uniq_josephine
Orc:1:    layout_diamond_mine, uniq_jorgrun
Orc:2:    st_orc_open, layout_caves, basic_altar, serial_shops, shop,
          uniq_rupert, uniq_nessos

Skill      XL: |  1  2  3  4  5  6  7  8  9 10 11 12 13 14 15 16 |
---------------+-------------------------------------------------+-----
Spellcasting   | 4 5 6 8 10 | 10.1
Fighting       | 1 6 8 |  8.0
Axes           | 6 9 10 13 15 | 15.6
Ranged Weapons | 2 4 |  4.0
Invocations    | 3 8 10 | 10.0
Dodging        | 7 8 |  8.0
Evocations     | 4 8 |  8.3
Shields        | 4 |  4.3
Stealth        | |  1.5

Action                   |  1- 3 |  4- 6 |  7- 9 | 10-12 | 13-15 | 16-18 || total
-------------------------+-------+-------+-------+-------+-------+-------++-------
Melee: Short sword       |     2 |       |       |       |       |       ||     2
       Broad axe         |       |       |    91 |   269 |   679 |   195 ||  1234
       Sling             |       |       |     1 |       |       |       ||     1
       Punch             |       |       |     2 |     4 |     7 |     3 ||    16
 Fire: Sling             |    27 |   144 |   182 |    46 |   185 |    12 ||   596
 Cast: Freeze            |    17 |     2 |       |       |       |       ||    19
       Frozen Ramparts   |       |    17 |    22 |    53 |    85 |    13 ||   190
       Ozocubu's Armour  |       |       |     3 |    13 |    25 |     4 ||    45
       Dispel Undead     |       |       |     2 |     8 |     2 |       ||    12
       Statue Form       |       |       |       |       |    10 |     7 ||    17
       Fireball          |       |       |       |       |       |     2 ||     2
Invok: Greater Servant o |       |       |       |       |       |     1 ||     1
Evoke: Wand              |       |       |       |     2 |       |       ||     2
  Use: Scroll            |     5 |     5 |     2 |    11 |    25 |    12 ||    60
       Potion            |       |       |       |     1 |       |     7 ||     8
 Stab: Sleeping          |     1 |       |       |     2 |     1 |     4 ||     8
Armor: Robe              |     5 |    43 |   143 |   107 |       |       ||   298
       Acid dragon scale |       |       |       |     5 |       |       ||     5
       Troll leather arm |       |       |       |    33 |   350 |       ||   383
       Steam dragon scal |       |       |       |    33 |    11 |    59 ||   103
       Skin              |       |       |       |       |    43 |    78 ||   121
Dodge: Dodged            |     9 |    39 |   179 |   217 |   528 |   229 ||  1201
Block: Other             |       |       |       |    56 |   179 |    57 ||   292
       Reflection        |       |       |       |     2 |     2 |     4 ||     8
       Buckler           |       |       |       |       |       |    26 ||    26

Table legend: (Time is in decaauts)
 A = Elapsed time spent in this place.
 B = Non-inter-level travel time spent in this place.
 C = Inter-level travel time spent in this place.
 D = Time resting spent in this place.
 E = Time spent auto-exploring this place.
 F = Levels seen in this place.
 G = Mean time per level.
                   A        B        C        D        E       F      G
               +--------+--------+--------+--------+--------+-----+--------+
         Total |  25508 |  24218 |   1290 |   5213 |  10548 |  25 | 1020.3 |
       Dungeon |  16981 |  15971 |   1010 |   3536 |   7550 |  15 | 1132.1 |
          Lair |   6625 |   6356 |    269 |    926 |   2819 |   6 | 1104.2 |
  Orcish Mines |    762 |    752 |     10 |    340 |    121 |   2 |  381.0 |
       Ossuary |    246 |    246 |      0 |      0 |     58 |   1 |  246.0 |
        Bailey |    892 |    892 |      0 |    410 |      0 |   1 |  892.0 |
               +--------+--------+--------+--------+--------+-----+--------+

Top non-repeatable levels by time:
  Lair:4: 1587 daAuts
     D:6: 1568 daAuts
    D:10: 1471 daAuts
     D:3: 1435 daAuts
    D:14: 1380 daAuts
  Lair:6: 1331 daAuts
     D:9: 1243 daAuts
    D:15: 1186 daAuts
  Lair:5: 1146 daAuts
     D:8: 1107 daAuts
     D:1: 1092 daAuts
    D:11: 1050 daAuts
     D:2: 998 daAuts
     D:7: 996 daAuts
     D:5: 948 daAuts
